 Dungeon Crawl Stone Soup version 0.29-a0-483-g69413ace17 (webtiles) character file.

Game seed: 17397641183779234766

498 jlumianski the Chopper (level 6, -3/48 HPs)
             Began as a Demonspawn Fighter on May 25, 2022.
             Killed by divine providence
             ... invoked by an orc priest
              (11 damage)
             ... on level 3 of the Dungeon.
             The game lasted 00:14:27 (4276 turns).

jlumianski the Chopper (Demonspawn Fighter)         Turns: 4276, Time: 00:14:27

Health: -3/48      AC:  8    Str: 19    XL:     6   Next: 94%
Magic:  0/6        EV:  8    Int:  9    God:
Gold:   172        SH:  8    Dex: 12    Spells: 5/5 levels left

rFire   . . .      SeeInvis .   a - +0 war axe
rCold   + . .      Faith    .   j - +0 kite shield
rNeg    . . .      Spirit   +   b - +0 scale mail
rPois   +          Reflect  .   (no helmet)
rElec   .          Harm     .   t - +0 cloak {rPois}
rCorr   .          Rampage  .   (no gloves)
Will    .....                   (no boots)
Stlth   ..........              k - amulet of guardian spirit
HPRegen 0.16/turn               e - ring of protection from cold
MPRegen 0.20/turn               (no ring)

@: no status effects
A: claws 1, ignite blood 1, magic shield, magic regeneration
a: no special abilities


You were on level 3 of the Dungeon.
You visited 1 branch of the dungeon, and saw 4 of its levels.

You collected 172 gold pieces.

Inventory:

Hand Weapons
 a - a +0 war axe (weapon)
 d - a +4 quarterstaff of chaos
 m - a +1 dagger of venom
 s - the +1 shortbow "Yfoch" {freeze, Drain Int+7 Dex+4}
   (You found it on level 2 of the Dungeon)

   Any ammunition fired from it freezes those it strikes, dealing additional
   cold damage.
   It can also slow down cold-blooded creatures.
   Int:       It affects your intelligence (+7).
   Dex:       It affects your dexterity (+4).
   Drain:     It drains your maximum health when unequipped.
Missiles
 g - 82 stones
 l - 8 boomerangs (quivered)
 n - 4 poisoned darts
 v - 2 javelins
Armour
 b - a +0 scale mail (worn)
 c - a +0 buckler
 j - a +0 kite shield (worn)
 t - a +0 cloak of poison resistance (worn)
Magical Staves
 y - a staff of poison
Jewellery
 e - a ring of protection from cold (left claw)
 k - an amulet of guardian spirit (around neck)
Wands
 x - a wand of iceblast (8)
Scrolls
 f - 2 scrolls of poison
 u - a scroll of enchant armour {unknown}
 w - a scroll of immolation {unknown}
Potions
 i - a potion of ambrosia
 o - 3 potions of attraction
 p - 3 potions of mutation {unknown}
 q - a potion of haste {unknown}
 r - a potion of curing {unknown}


   Skills:
 + Level 3.8 Fighting
 + Level 4.1 Axes
 + Level 1.0 Throwing
 + Level 4.1 Armour
 + Level 1.8 Dodging
 + Level 0.3 Stealth
 + Level 3.8 Shields


You had 5 spell levels left.
You didn't know any spells.
Your spell library contained the following spells:

 Spells                   Type           Power      Damage    Failure   Level
 Portal Projectile        Hex/Tloc       0%         N/A       100%        3
 Tukima's Dance           Hex            0%         N/A       100%        3
 Blade Hands              Tmut           0%         N/A       100%        5


Dungeon Overview and Level Annotations

Branches:
Dungeon (4/15)
 Temple: D:4-7

Altars:
Vehumet


Innate Abilities, Weirdness & Mutations

You have sharp fingernails.
Your demonic aura sometimes causes spilled blood to erupt in flames.
When hurt, damage is shared between your health and your magic reserves.
You regenerate magic rapidly.


Message History

You climb downwards.
The orc priest calls down the wrath of Beogh upon you.
Beogh smites you!
There is a stone staircase leading up, spattered with blood here.
You block the orc priest's attack.
You climb upwards.
There is a stone staircase leading down here.
You barely miss the orc priest. You block the orc priest's attack.
You hit the orc priest.
The orc priest is moderately wounded.
The orc priest barely misses you. You block the orc priest's attack.
You hit the orc priest but do no damage.
The orc priest is moderately wounded.
You block the orc priest's attack.
You slash the orc priest!
The orc priest is almost dead.
The orc priest hits you but does no damage.
You barely miss the orc priest.
The orc priest is almost dead.
The orc priest begins to cast a cantrip, but forgets the words!
You block the orc priest's attack.
You hit the orc priest but do no damage.
The orc priest is almost dead.
The orc priest completely misses you.
You barely miss the orc priest.
The orc priest is almost dead.
The orc priest invokes the aid of Beogh against you.
Beogh smites you!
The orc priest mumbles some strange prayers to Beogh against you.
Pain shoots through your body!
You barely miss the orc priest.
The orc priest is almost dead.
The orc priest invokes the aid of Beogh against you.
Beogh smites you!
* * * LOW HITPOINT WARNING * * *
You closely miss the orc priest.
The orc priest is almost dead.
The orc priest calls down the wrath of Beogh upon you.
Beogh smites you!
You die...

### #.# #.# #.# ##########.#
#..........# ##.#######.#
#.....# #o################
###########.###@[...............
#.............))[...............
##.###.#.##.###.################
#.###.#.##.# #.# #...#.#.##.#
#.######## ###.#.#.##.#
#.#......# #.#.#.##.# #.#......#
#.#.#....###.#....<.#
#.#.#####...........#


You could see an orc priest.

Vanquished Creatures
  A black bear (D:3)
  A jelly (D:3)
  4 orc priests
  A hound (D:3)
  Crazy Yiuf (D:2)
  Ijyb (D:3)
  2 orc wizards
  4 adders
  A worm (D:3)
  2 dart slugs (D:4)
  13 orcs
  5 ball pythons
  5 endoplasms
  A giant cockroach (D:2)
  6 goblins
  5 hobgoblins
  8 jackals
  7 kobolds
  A quokka (D:3)
  3 bats
  2 frilled lizards
  5 rats
79 creatures vanquished.

Vanquished Creatures (others)
  10 fungi
10 creatures vanquished.

Grand Total: 89 creatures vanquished

Notes
Turn   | Place    | Note
-------+----------+-------------------------------------------
     0 | D:1      | jlumianski the Demonspawn Fighter began the quest for the
                  | Orb.
     0 | D:1      | Reached XP level 1. HP: 18/18 MP: 1/1
   245 | D:1      | Gained mutation: You regenerate magic rapidly. [demonic
                  | ancestry]
   245 | D:1      | Reached XP level 2. HP: 21/24 MP: 2/2
   440 | D:1      | HP: 1/24 [poisoned by a kobold]
  1053 | D:2      | Gained mutation: Your demonic aura sometimes causes spilled
                  | blood to erupt in flames. [demonic ancestry]
  1053 | D:2      | Reached XP level 3. HP: 27/29 MP: 3/3
  1691 | D:2      | Found a runed translucent door.
  1692 | D:2      | Noticed Crazy Yiuf
  1728 | D:2      | Reached XP level 4. HP: 35/35 MP: 4/4
  1805 | D:2      | Identified the +1 shortbow "Yfoch" {freeze, Drain Int+7
                  | Dex+4}
  2057 | D:2      | Killed Crazy Yiuf
  2058 | D:2      | Reached skill level 1 in Dodging
  2454 | D:3      | Gained mutation: You have sharp fingernails. [demonic
                  | ancestry]
  2454 | D:3      | Reached XP level 5. HP: 23/41 MP: 2/5
  3268 | D:4      | Noticed Ijyb
  3279 | D:3      | Killed Ijyb
  3355 | D:4      | Noticed a black bear
  3397 | D:3      | Killed a black bear
  3398 | D:3      | Reached skill level 1 in Throwing
  3398 | D:3      | Gained mutation: When hurt, damage is shared between your
                  | health and your magic reserves. [demonic ancestry]
  3398 | D:3      | Reached XP level 6. HP: 24/48 MP: 4/6
  4022 | D:4      | Found a radiant altar of Vehumet.
  4276 | D:3      | Killed from afar by an orc priest

Illustrated notes

Levels and vault maps discovered:
D:1:      minmay_arrival_solitary_statue, layout_loops_ring
D:2:      layout_basic, minmay_misc_feat_tiny, uniq_crazy_yiuf_cottage
D:3:      layout_basic, kennysheep_generic_room_3
D:4:      layout_cave_pools, mainiacjoe_overflow_alcove_4, uniq_pikel, uniq_ijyb

Skill      XL: |  1  2  3  4  5  6 |
---------------+-------------------+-----
Shields        | 3 |  3.8
Axes           | 2 3 4 |  4.1
Armour         | 3 4 |  4.1
Dodging        | 1 |  1.8
Throwing       | 1 |  1.0
Fighting       | |  3.8
Stealth        | |  0.3

Action                   |  1- 3 |  4- 6 || total
-------------------------+-------+-------++-------
Melee: War axe           |   117 |   156 ||   273
Throw: Stone             |     4 |       ||     4
       Boomerang         |     1 |     5 ||     6
  Use: Scroll            |     5 |     2 ||     7
       Potion            |     1 |     6 ||     7
Armor: Scale mail        |    55 |    88 ||   143
Dodge: Dodged            |    49 |    62 ||   111
Block: Buckler           |    10 |       ||    10
       Kite shield       |    44 |    87 ||   131

Table legend: (Time is in decaauts)
 A = Elapsed time spent in this place.
 B = Non-inter-level travel time spent in this place.
 C = Inter-level travel time spent in this place.
 D = Time resting spent in this place.
 E = Time spent auto-exploring this place.
 F = Levels seen in this place.
 G = Mean time per level.
                   A        B        C        D        E       F      G
               +--------+--------+--------+--------+--------+-----+--------+
         Total |   4441 |   4385 |     56 |    956 |   1926 |   4 | 1110.2 |
       Dungeon |   4441 |   4385 |     56 |    956 |   1926 |   4 | 1110.2 |
               +--------+--------+--------+--------+--------+-----+--------+

Top non-repeatable levels by time:
     D:3: 1891 daAuts
     D:2: 1279 daAuts
     D:1: 1007 daAuts
     D:4: 262 daAuts
